 Dungeon Crawl Stone Soup version 0.28.0 (webtiles) character file.

Game seed: 6924406428623274579

100 Host24 the Bolt Thrower (level 5, -2/32 HPs)
             Began as a Kobold Hunter on Feb 20, 2022.
             Slain by an orc wizard (3 damage)
             ... on level 3 of the Dungeon.
             The game lasted 00:03:12 (3026 turns).

Host24 the Bolt Thrower (Kobold Hunter)             Turns: 3026, Time: 00:03:12

Health: -2/32      AC:  3    Str: 11    XL:     5   Next: 3%
Magic:  5/5        EV: 15    Int: 12    God:
Gold:   60         SH:  0    Dex: 16    Spells: 4/4 levels left

rFire   . . .      SeeInvis .   a - +1 hand crossbow
rCold   . . .      Faith    .   (no shield)
rNeg    . . .      Spirit   .   c - +0 leather armour
rPois   .          Reflect  .   (no helmet)
rElec   .          Harm     .   (no cloak)
rCorr   .          Rampage  .   (no gloves)
Will    .....                   (no boots)
Stlth   +++.......              (no amulet)
HPRegen 0.10/turn               (no ring)
MPRegen 0.09/turn               (no ring)

@: no status effects
A: small, no large weapons, nightstalker 3
a: no special abilities


You were on level 3 of the Dungeon.
You visited 1 branch of the dungeon, and saw 3 of its levels.

You collected 60 gold pieces.

Inventory:

Hand Weapons
 a - a +1 hand crossbow (weapon)
 b - a +0 short sword
Missiles
 d - 8 bolts (quivered ammo)
 h - 97 stones
 k - 14 sling bullets
 r - 24 arrows
Armour
 c - a +0 leather armour (worn)
Scrolls
 e - a scroll of acquirement {unknown}
 f - a scroll of fog {unknown}
 g - 2 scrolls of identify {unknown}
 i - a scroll of magic mapping {unknown}
 j - a scroll of enchant weapon {unknown}
 m - a scroll of fear {unknown}
 n - a scroll of enchant armour {unknown}
 p - a scroll of teleportation {unknown}
 q - a scroll of immolation {unknown}
Potions
 l - a potion of brilliance {unknown}
 o - 2 potions of might {unknown}


   Skills:
 - Level 3.0 Fighting
 + Level 6.5 Crossbows
 - Level 3.0 Dodging
 - Level 1.3 Stealth


You had 4 spell levels left.
You didn't know any spells.
Your spell library contained the following spells:

 Spells                   Type           Power      Damage    Failure   Level
 Summon Small Mammal      Summ           0%         N/A       41%         1
 Call Canine Familiar     Summ           0%         N/A       78%         3
 Confusing Touch          Hex            0%         N/A       78%         3
 Summon Guardian Golem    Hex/Summ       0%         N/A       78%         3
 Yara's Violent Unravell  Hex/Tmut       0%         3d3       100%        5
 Enfeeble                 Hex            0%         N/A       100%        7


Dungeon Overview and Level Annotations

Branches:
Dungeon (3/15)

Altars:
Fedhas
Hepliaklqana


Innate Abilities, Weirdness & Mutations

You are small and have problems with some larger weapons.
You are completely attuned to the shadows.


Message History

Press: ? - help, Q - select action, (/) - cycle Dir - look around, f - activate You shoot a bolt.
The orc priest begins to cast a cantrip, but forgets the words!
Something hits you but does no damage.
Unknown command.
Non-targeted confused fire: 8 bolts
Press: ? - help, Q - select action, (/) - cycle Dir - look around, f - activate
Okay, then.
You bump into the rock wall.
Something hits you.
The orc wizard points at you and mumbles some strange words.
You're too confused to move!
Something hits you.
* * * LOW HITPOINT WARNING * * *
The orc wizard gestures at you while chanting.
The puff of flame hits something.
You bump into the rock wall.
The orc priest calls upon Beogh to heal the orc.
The orc's wounds heal themselves!
Something hits you.
* * * LOW HITPOINT WARNING * * *
You bump into the rock wall.
Something hits you.
* * * LOW HITPOINT WARNING * * *
You bump into the rock wall.
Something hits you but does no damage.
The orc wizard points at you and mumbles some strange words.
The magic dart hits something.
You feel less confused.
The orc wizard mumbles some strange words.
The orc wizard flickers and vanishes!
You hear some strange, mumbled words.
You are confused.
Something barely misses you. Something hits you.
* * * LOW HITPOINT WARNING * * *
The orc throws a boomerang.
Reactivating autopickup.
You feel a bit more experienced.
You have reached level 5!
You feel agile.
There is an open gate here.
You feel less confused. Something hits you.
You die...

...o.o###
.......(#
#######.#
#############.###.
.....##o..{o(o....
.§≈§.##o#####.####
...≈.').# #.#
._.≈.'..# #.#
...≈.'@.# #.#
.≈§≈.##.# ..
.....##.#
...#######..###
................
............#####
........†......
.......###########
................[#


You could see an orc priest and an orc.

Vanquished Creatures
  An iguana (D:3)
  A worm (D:2)
  A dart slug (D:2)
  An orc (D:3)
  A bat (D:1)
  6 endoplasms
  A giant cockroach (D:1)
  4 goblins (D:1)
  6 hobgoblins
  4 jackals (D:3)
  A kobold (D:1)
  2 quokkas
  5 ball pythons
  A frilled lizard (D:2)
  2 rats
37 creatures vanquished.

Vanquished Creatures (others)
  An orc wizard (D:3)
1 creature vanquished.

Grand Total: 38 creatures vanquished

Notes
Turn   | Place    | Note
-------+----------+-------------------------------------------
     0 | D:1      | Host24 the Kobold Hunter began the quest for the Orb.
     0 | D:1      | Reached XP level 1. HP: 12/12 MP: 1/1
   186 | D:1      | Reached skill level 5 in Crossbows
   662 | D:1      | Reached XP level 2. HP: 18/18 MP: 2/2
  1296 | D:1      | Reached XP level 3. HP: 23/23 MP: 3/3
  1704 | D:2      | Found a hazy altar of Hepliaklqana.
  2648 | D:2      | Found a faded altar of an unknown god.
  2878 | D:3      | Reached skill level 6 in Crossbows
  2878 | D:3      | Reached XP level 4. HP: 28/28 MP: 4/4
  2966 | D:3      | Found a blossoming altar of Fedhas.
  3025 | D:3      | HP: 1/28 [something (2)]
  3026 | D:3      | Reached XP level 5. HP: 1/32 MP: 5/5
  3026 | D:3      | Slain by an orc wizard

Illustrated notes

Levels and vault maps discovered:
D:1:      giann_forest_graveyard, layout_loops_ring,
          hangedman_decor_clover_reticule
D:2:      layout_basic, basic_altar, shapermc_ecumenical_altar_mp_highgroup,
          bh_walls_and_bars
D:3:      layout_basic, mainiacjoe_overflow_alcove_4, minmay_misc_feat_doors

Skill      XL: |  1  2  3 |
---------------+----------+-----
Crossbows      | 5 6 |  6.5
Fighting       | 3 |  3.0
Dodging        | 3 |  3.0
Stealth        | |  1.3

Action                   |  1- 3 |  4- 6 || total
-------------------------+-------+-------++-------
Melee: Short sword       |    96 |    16 ||   112
       Punch             |     2 |       ||     2
 Fire: Hand crossbow     |     9 |    11 ||    20
 Stab: Sleeping          |    16 |       ||    16
Armor: Leather armour    |    13 |     7 ||    20
Dodge: Dodged            |    53 |    20 ||    73
